 Dungeon Crawl Stone Soup version 0.26-a0-1020-ge47f559bc5 (webtiles) character file.

Game seed: 10028750167469102124

392 Ijustatesigmund the Chopper (level 6, -19/43 HPs)
             Began as an Octopode Fighter on Dec 8, 2020.
             Demolished by a two-headed ogre
             ... wielding a +0 giant spiked club
              (35 damage)
             ... on level 4 of the Dungeon.
             The game lasted 00:04:34 (3083 turns).

Ijustatesigmund the Chopper (Octopode Fighter)      Turns: 3083, Time: 00:04:35

Health: -19/43     AC:  1    Str: 13    XL:     6   Next: 80%
Magic:  5/5        EV: 12    Int: 11    God:
Gold:   112        SH:  9    Dex: 13    Spells: 5/5 levels left

rFire    + . .     SeeInvis .   a - +0 war axe
rCold    . . .     Faith    .   b - +1 kite shield
rNeg     . . .     Spirit   .   (helmet restricted)
rPois    .         Reflect  .   (no amulet)
rElec    .         Harm     .   (no ring)
rCorr    .         Rampage  .   (no ring)
Will     .....                  (no ring)
Stlth    ++........             (no ring)
HPRegen  0.14/turn              (no ring)
MPRegen  0.09/turn              (no ring)
                                (no ring)
                                (no ring)

@: no status effects
A: almost no armour, stealthy swim, amphibious, 8 rings, constrict 8, camouflage
1, fire resistance 1, low mp 1, weak 1, wild magic 1, gelatinous body 1
a: no special abilities


You were on level 4 of the Dungeon.
You visited 1 branch of the dungeon, and saw 4 of its levels.

You collected 112 gold pieces.

Inventory:

Hand Weapons
 a - a +0 war axe (weapon)
Armour
 b - a +1 kite shield (worn)
Wands
 f - a wand of iceblast (16)
 h - a wand of paralysis (2)
 i - a wand of flame (11)
Scrolls
 e - a scroll of remove curse
Potions
 c - 3 potions of cancellation
 g - 2 potions of curing


   Skills:
 + Level 4.0 Fighting
 + Level 6.4 Axes
 - Level 3.0 Dodging
 - Level 3.0 Shields


You had 5 spell levels left.
You didn't know any spells.
Your spell library was empty.

Dungeon Overview and Level Annotations

Branches:
Dungeon (4/15)
 Temple: D:4-7

Altars:
Fedhas
Gozag


Innate Abilities, Weirdness & Mutations

You cannot wear most types of armour.
You are very stealthy in the water. (Stealth+)
You are amphibious.
You can wear up to eight rings at the same time.
You can use your tentacles to constrict eight enemies at once.
Your skin changes colour to match your surroundings (Stealth+).
Your rubbery body absorbs attacks. (AC +1, EV +1)
Your flesh is heat resistant. (rF+)
Your magical capacity is low. (-10% MP)
You are weak. (Str -2)
Your spells are a little harder to cast, but a little more powerful.


Message History

There is a stone staircase leading down here.
You climb downwards.
There is a stone staircase leading up here.
A two-headed ogre is nearby!
The helpless two-headed ogre fails to defend itself.
You hit the two-headed ogre.
The two-headed ogre is lightly wounded.
The two-headed ogre hits you with a +0 giant spiked club!!
Ouch! That really hurt!
You block the two-headed ogre's attack.
You are too injured to fight recklessly!
Okay, then.
Evoke which item? (* to show all) (? for menu, Esc to quit)
Aiming: Paralyse
Press: ? - help, Shift-Dir - straight line, f - two-headed ogre
Aim: a two-headed ogre, wielding a +0 giant spiked club and a +0 giant club (chance to resist: 72%)
The two-headed ogre easily resists.
The two-headed ogre hits you with a +0 giant spiked club!!
Ouch! That really hurt!
You die...

#..........###
#............#
#..........#....
#.....(....###...
#####....### ..
#.......# . #.#
#.......#
.....######...#...#
......O@......#...#
.....####.....###.###
........).....#.....#
# ###.........#.....#
..................#
###.......###.....#
#......## #..<..#
#......# #######
#......#


You could see a two-headed ogre.

Vanquished Creatures
  Sigmund (D:2)
  Crazy Yiuf (D:2)
  Ijyb (D:3)
  Jessica (D:3)
  An orc wizard (D:3)
  Natasha (D:4)
  3 adders
  5 worms
  4 dart slugs
  3 leopard geckos (D:2)
  6 orcs (D:3)
  2 giant cockroaches
  5 hobgoblins
  A quokka (D:3)
  A ball python (D:1)
  A bat (D:3)
  A frilled lizard (D:3)
  3 goblins
  2 kobolds
  7 rats
50 creatures vanquished.

Vanquished Creatures (others)
  3 fungi (D:2)
3 creatures vanquished.

Grand Total: 53 creatures vanquished

Notes
Turn   | Place    | Note
-------+----------+-------------------------------------------
     0 | D:1      | Ijustatesigmund the Octopode Fighter began the quest for
                  | the Orb.
     0 | D:1      | Reached XP level 1. HP: 16/16 MP: 1/1
    60 | D:1      | Reached XP level 2. HP: 21/21 MP: 2/2
   244 | D:1      | Reached skill level 3 in Axes
   766 | D:2      | Reached XP level 3. HP: 13/26 MP: 3/3
  1110 | D:2      | Noticed Sigmund
  1122 | D:2      | Killed Sigmund
  1123 | D:2      | Reached skill level 5 in Axes
  1123 | D:2      | Reached XP level 4. HP: 18/31 MP: 4/4
  1123 | D:2      | Reached XP level 5. HP: 21/36 MP: 5/5
  1410 | D:2      | You fall into a shaft and drop 2 floors!
  1419 | D:4      | Noticed Natasha
  1426 | D:4      | Killed Natasha
  1427 | D:4      | Reached XP level 6. HP: 34/42 MP: 6/6
  1542 | D:4      | Gained mutation: You are weak. (Str -2) [potion of
                  | mutation]
  1542 | D:4      | Gained mutation: Your magical capacity is low. (-10% MP)
                  | [potion of mutation]
  1542 | D:4      | Gained mutation: Your spells are a little harder to cast,
                  | but a little more powerful. [potion of mutation]
  1542 | D:4      | Gained mutation: Your flesh is heat resistant. (rF+)
                  | [potion of mutation]
  1562 | D:4      | Noticed a two-headed ogre
  1618 | D:3      | Reached skill level 6 in Axes
  2211 | D:3      | Noticed Ijyb
  2213 | D:3      | Killed Ijyb
  2328 | D:2      | Found a blossoming altar of Fedhas.
  2480 | D:2      | Found a runed translucent door.
  2481 | D:2      | Noticed Crazy Yiuf
  2486 | D:2      | Killed Crazy Yiuf
  2576 | D:3      | Found an opulent altar of Gozag.
  2581 | D:3      | Noticed Jessica
  2589 | D:3      | Killed Jessica
  3083 | D:4      | Demolished by a two-headed ogre

Illustrated notes

Levels and vault maps discovered:
D:1:      dpeg_arrival_another_circle, layout_rooms,
          hangedman_decor_clover_reticule
D:2:      layout_loops_ring, fedhas_altar_2, uniq_crazy_yiuf_cottage,
          uniq_sigmund
D:3:      layout_loops_corners, overflow_temple_1_default, serial_park_tiny_2,
          uniq_jessica, uniq_ijyb
D:4:      layout_rooms, uniq_natasha

Skill      XL: |  1  2  3  4  5  6 |
---------------+-------------------+-----
Axes           | 3 5 6 |  6.4
Fighting       | 4 |  4.0
Dodging        | |  3.0
Shields        | |  3.0

Action                   |  1- 3 |  4- 6 || total
-------------------------+-------+-------++-------
Melee: War axe           |    39 |    59 ||    98
       Constrict         |    15 |    14 ||    29
       Tentacles         |     9 |     6 ||    15
Evoke: Wand              |       |     3 ||     3
  Use: Scroll            |     2 |     4 ||     6
       Potion            |     2 |     1 ||     3
 Stab: Sleeping          |     3 |     3 ||     6
Armor: Skin              |     1 |     4 ||     5
Dodge: Dodged            |    16 |    17 ||    33
Block: Kite shield       |     9 |    21 ||    30

Table legend: (Time is in decaauts)
 A = Elapsed time spent in this place.
 B = Non-inter-level travel time spent in this place.
 C = Inter-level travel time spent in this place.
 D = Time resting spent in this place.
 E = Time spent auto-exploring this place.
 F = Levels seen in this place.
 G = Mean time per level.
                   A        B        C        D        E       F      G
               +--------+--------+--------+--------+--------+-----+--------+
         Total |   3116 |   3002 |    114 |    562 |   2065 |   4 |  779.0 |
       Dungeon |   3116 |   3002 |    114 |    562 |   2065 |   4 |  779.0 |
               +--------+--------+--------+--------+--------+-----+--------+

Top non-repeatable levels by time:
     D:3: 1218 daAuts
     D:2: 1113 daAuts
     D:1: 615 daAuts
     D:4: 168 daAuts
